AoeStats
← 极地沙尘暴

Arabia

507247063Analyzed
1v1 RM · 15d ago on Sep 17, 2026· 39m 19s· 2 players
Game mode
Random Map
Map size
Tiny (2 player)
Population
200
Speed
Normal
Resources
Standard
Victory
Conquest
Starting age
Dark Age
Ending age
Imperial Age
RankedLock teamsTeams togetherTeam positionsShared explorationLock speedFull tech treeHidden civsTurbo modeCheats
Victory
Defeat
🇨🇳 Ethiopians · China
1469
+17
🇩🇪 Bulgarians · Germany
1496
-17
极地沙尘暴
6:06 Loom
8:29 Feudal Age
13:57 Double-Bit Axe
14:38 Fletching
19:45 Wheelbarrow
23:45 Castle Age
22:27 Gold Mining
22:57 Scale Barding Armor
22:53 Padded Archer Armor
23:16 Horse Collar
24:26 Bodkin Arrow
24:45 Bow Saw
24:02 Crossbowman
27:25 Hand Cart
29:07 Ballistics
30:25 Scale Barding Armor
34:26 Imperial Age
34:25 Thumb Ring
36:12 Chemistry
35:15 Bracer
35:31 Leather Archer Armor
36:21 Arbalester
38:48 Halberdier
39:28 Squires
39:31 Scale Mail Armor
39:42 Forging
Pepe
5:58 Loom
8:54 Feudal Age
9:44 Double-Bit Axe
15:37 Fletching
21:27 Castle Age
19:45 Padded Archer Armor
20:45 Bloodlines
20:41 Scale Barding Armor
22:31 Chain Barding Armor
22:33 Bow Saw
23:06 Forging
27:59 Husbandry
32:24 Iron Casting
32:37 Wheelbarrow
34:17 Horse Collar
38:49 Imperial Age
37:15 Hand Cart
38:52 Cavalier
40:08 Plate Barding Armor
Connection lost

Rejoining the realm…

Still unreachable

The connection could not be restored.

Session expired

The server has moved on; the page needs a fresh start.